 Zot Defence DCSS version 0.15.2 (webtiles) character file.

677 Chikkuri the Caller (level 7, -10/55 HPs)
             Began as a Deep Dwarf Summoner on June 12, 2016.
             Was an Initiate of Makhleb.
             Mangled by a red wasp (12 damage)
             ... in the Realm of Zot (Scenario II: Battle Heart).
             The game lasted 00:33:30 (847 turns).

Chikkuri the Caller (Deep Dwarf Summoner)            Turns: 847, Time: 00:33:30

HP -10/55        AC  8     Str 13      XL: 7   Next: 33%
MP   9/13        EV 11     Int 16      God: Makhleb [......]
Gold 0           SH  0     Dex 13      Spells:  3 memorised,  5 levels left

rFire  . . .     SeeInvis .     e - +2 scythe (protect)
rCold  . . .     Clarity  .     g - +0 leather armour
rNeg   . . .     rCorr    .     (no shield)
rPois  .         rRot     .     (no helmet)
rElec  .         Spirit   .     (no cloak)
SustAb .         Warding  .     (no gloves)
rMut   .         Stasis   .     (no boots)
Gourm  .                        (no amulet)
MR     +....                    (no ring)
                                (no ring)

@: lethally poisoned, non-regenerating, slowed, very slow, somewhat resistant to
hostile enchantments, unstealthy
A: damage resistance, recharge devices, sense surroundings 1, slow healing 3
a: Make oklob sapling, Make arrow trap, Make plant, Remove Curse, Make burning
bush, Make altar, Make grenades, Make oklob plant, Device Recharging, Renounce
Religion


You were in the Realm of Zot.
You worshipped Makhleb.
Makhleb was noncommittal.
You were not hungry.

You visited 1 branch

Inventory:

Hand weapons
 e - a +2 scythe of protection (weapon)
 k - a +0 dagger
Armour
 a - a +0 robe
 g - a +0 leather armour (worn)
Magical devices
 c - a wand of heal wounds (1)
 d - a wand of slowing (0) {unknown}
Comestibles
 f - a bread ration
Scrolls
 j - a scroll of blinking
Books
 b - a book of Callings

   Spells                             Type                      Level
   *Summon Small Mammal               Summoning                    1
   Call Imp                           Summoning                    2
   *Call Canine Familiar              Summoning                    3
   *Summon Guardian Golem             Hexes/Summoning              4
   Summon Lightning Spire             Summoning/Air                4
   Summon Ice Beast                   Ice/Summoning                4


   Skills:
 - Level 2.1 Dodging
 - Level 2.4 Stealth
 - Level 3.5 Spellcasting
 - Level 3.1 Hexes
 + Level 6.4 Summonings
 + Level 0.0 Evocations


You had 5 spell levels left.
You knew the following spells:

 Your Spells              Type           Power        Failure   Level  Hunger
a - Summon Small Mammal   Summ           ###.         1%          1    None
b - Call Canine Familiar  Summ           ###.....     4%          3    ###....
c - Summon Guardian Gole  Hex/Summ       ###.....     28%         4    ####...


Dungeon Overview and Level Annotations

Branches:
    Zot (1/1)

Altars:
Makhleb


Innate Abilities, Weirdness & Mutations

You are resistant to damage.
You can recharge devices by infusing magical energy.
You passively map a small area around you.
You do not heal naturally.


Message History

The giant cockroach closely misses your hound.
Your quokka closely misses the red wasp.
The red wasp stings you!
* * * LOW HITPOINT WARNING * * *
You are more poisoned.
You feel as though you will be slow longer.
Your hound misses the red wasp.
The giant mite closely misses your quokka.
The giant cockroach closely misses your hound.
Your quokka bites the red wasp but does no damage.
The red wasp stings you!
* * * LOW HITPOINT WARNING * * *
You are more poisoned.
You feel as though you will be slow longer.
Your hound completely misses the red wasp.
The giant mite bites your quokka.
Your quokka dies!
Your quokka's corpse disappears in a puff of smoke!
The giant cockroach bites your hound. The red wasp stings you!
You die...

▓ ▓ ▓▓▓ ▓▓▓ ▓▓▓ ..▓▓ ▓▓.▓▓ ▓▓..
...▓▓ ▓▓...▓▓ ▓▓... ....▓▓▓
▓▓.....▓▓ ▓▓▓....
......▓▓▓▓▓▓▓...P%..▓▓▓▓▓▓▓......
......▓........PPP...)....▓......
........%.^.))s§@hs))P%).........
▓▓▓▓▓▓▓........PyP).^.....▓▓▓▓▓▓▓
▓ ▓▓▓▓▓▓▓..)....▓▓▓▓▓▓▓ ▓
▓▓.PPP.▓▓ ▓▓...▓▓ ▓▓.▓▓ ▓▓▓▓▓
▓▓▓▓▓▓▓▓▓▓▓▓▓▓▓ ▓▓▓▓▓ ....▓▓
▓∆∆∆∆∆▓ ▓∆∆∆∆∆▓ ▓▓.... .....▓
▓∆▓∆▓∆▓▓▓∆▓∆▓∆▓ ▓.....


You could see a red wasp, a giant mite, a giant cockroach, a friendly burning
bush, 3 friendly oklob saplings and a friendly hound.

Vanquished Creatures
  A big kobold (Zot)
  A wight (Zot)
  A gnoll (Zot)
  A worm (Zot)
  An ooze (Zot)
  A giant cockroach (Zot)
  3 bats (Zot)
  2 goblin zombies (Zot)
  A kobold (Zot)
  3 rats (Zot)
15 creatures vanquished.

Vanquished Creatures (collateral kills)
  Sigmund (Zot)
  3 big kobolds (Zot)
  Ijyb (Zot)
  An adder (Zot)
  A shadow imp (Zot)
  3 giant mites (Zot)
  3 worms (Zot)
  2 oozes (Zot)
  9 bats (Zot)
  A bat zombie (Zot)
  4 giant cockroaches (Zot)
  10 goblins (Zot)
  A hobgoblin (Zot)
  A jackal (Zot)
  5 kobolds (Zot)
  5 ball pythons (Zot)
  A ball python zombie (Zot)
  A giant newt (Zot)
  7 rats (Zot)
60 creatures vanquished.

Vanquished Creatures (others)
  2 hounds (Zot)
  A goblin (Zot)
  9 quokkas (Zot)
  10 bats (Zot)
  9 rats (Zot)
  A plant (Zot)
32 creatures vanquished.

Grand Total: 107 creatures vanquished

Notes
Turn   | Place    | Note
--------------------------------------------------------------
     0 | Zot      | Chikkuri, the Deep Dwarf Summoner, began the quest for the Orb.
     0 | Zot      | Reached XP level 1. HP: 15/15 MP: 2/2
   250 | Zot      | Reached XP level 2. HP: 12/16 MP: 0/4
   284 | Zot      | Reached skill level 4 in Summonings
   287 | Zot      | Reached XP level 3. HP: 21/27 MP: 1/6
   370 | Zot      | Learned a level 3 spell: Call Canine Familiar
   407 | Zot      | Reached XP level 4. HP: 31/35 MP: 3/9
   407 | Zot      | Reached XP level 5. HP: 36/41 MP: 3/11
   514 | Zot      | Reached skill level 5 in Summonings
   520 | Zot      | Learned a level 4 spell: Summon Guardian Golem
   553 | Zot      | Noticed Sigmund
   613 | Zot      | HP: 1/42 [something (14)]
   649 | Zot      | Killed Sigmund
   649 | Zot      | Reached skill level 1 in Hexes
   649 | Zot      | Reached XP level 6. HP: 16/49 MP: 10/12
   680 | Zot      | Noticed Ijyb
   681 | Zot      | Reached skill level 6 in Summonings
   681 | Zot      | Reached XP level 7. HP: 23/55 MP: 2/13
   701 | Zot      | Killed Ijyb
   723 | Zot      | Became a worshipper of Makhleb the Destroyer
   833 | Zot      | Noticed a red wasp
   847 | Zot      | HP: 2/55 [red wasp (10)]
   847 | Zot      | Mangled by a red wasp

Action                   |  1- 3 |  4- 6 |  7- 9 || total
-------------------------+-------+-------+-------++-------
Melee: Unarmed           |     7 |       |       ||     7
       Dagger            |    36 |    50 |    14 ||   100
       Scythe            |       |       |     3 ||     3
 Cast: Summon Small Mamm |    12 |    25 |     8 ||    45
       Call Canine Famil |     1 |     4 |     2 ||     7
       Summon Guardian G |       |     1 |       ||     1
 Abil: Make oklob saplin |     1 |     2 |       ||     3
       Make arrow trap   |     1 |       |     1 ||     2
       Make plant        |       |     3 |     4 ||     7
       Device Recharging |       |     2 |       ||     2
       Make altar        |       |       |     1 ||     1
       Make burning bush |       |       |     1 ||     1
Evoke: Wand              |       |    13 |       ||    13
  Use: Potion            |     5 |     3 |       ||     8
 Stab: Distracted        |     1 |     2 |       ||     3
